 Dungeon Crawl Stone Soup version 0.31-a0-799-g6bc09d010c (webtiles) character file.

Game seed: 10909688079742525572

274 cforsyth the Trooper (level 6, -10/49 HPs)
             Began as a Djinni Delver on Sept 20, 2023.
             Mangled by a wight
             ... wielding a +0 battleaxe
              (14 damage)
             ... on level 4 of the Dungeon.
             The game lasted 00:02:29 (984 turns).

cforsyth the Trooper (Djinni Delver)                 Turns: 984, Time: 00:02:30

Health: -10/49     AC:  3    Str: 11    XL:     6   Next: 49%
Gold:   53         EV: 12    Int: 13    God:
                   SH:  0    Dex: 15

rFire   + + .        j - +1 quarterstaff (spect)
rCold   x . .        (shield currently unavailable)
rNeg    . . .        b - +0 leather armour
rPois   ∞            (no helmet)
rElec   .            (no cloak)
rCorr   .            (no gloves)
SInv    .            (boots unavailable)
Will    +....        (no amulet)
Stlth   ++           (no ring)
HPRegen 0.28/turn    (no ring)
MPRegen 0.00/turn

%: infuse magic (-11 HP)
@: enlightened, flying
A: sickness immunity, fire resistance 2, cold vulnerability 1, float, innate
caster, HP casting, extra vitality 1
a: no special abilities


You were on level 4 of the Dungeon.
You visited 1 branch of the dungeon, and saw 3 of its levels.

You collected 53 gold pieces.

Inventory:

Hand Weapons
 a - a +0 falchion
 i - a +0 dagger of draining
 j - a +1 spectral quarterstaff (weapon)
Armour
 b - a +0 leather armour (worn)
Wands
 g - a wand of digging (3)
Scrolls
 c - a scroll of fog
 d - a scroll of revelation
 f - 2 scrolls of teleportation {unknown}
 h - a scroll of blinking {unknown}
 l - a scroll of enchant weapon {unknown}


   Skills:
 + Level 5.2 Fighting
 - Level 1.7 Long Blades
 - Level 2.1 Dodging
 - Level 4.1 Stealth
 + Level 2.9 Spellcasting
 + Level 2.9 Conjurations
 + Level 2.9 Hexes
   Level 0.0 Charms
 + Level 2.9 Summonings
 + Level 2.9 Necromancy
 + Level 2.9 Translocations
 + Level 2.9 Transmutations
 + Level 2.9 Fire Magic
 + Level 2.9 Ice Magic
 + Level 2.9 Air Magic
 + Level 2.9 Earth Magic
 + Level 2.9 Poison Magic


You knew the following spells:

 Your Spells              Type           Power      Damage    Failure   Level
a - Slow                  Hex            36%        N/A       9%          1
b - Static Discharge      Conj/Air       18%        2-3/arc   14%         2
Your spell library was empty.

Dungeon Overview and Level Annotations

Branches:
Dungeon (5/15)
 Temple: D:4-7

Altars:
Nemelex Xobeh


Innate Abilities, Weirdness & Mutations

You are immune to sickness and miasma.
You are immune to poison.
Your flesh is very heat resistant. (rF++)
You are vulnerable to cold. (rC-)
You float through the air rather than walking.
You learn spells naturally, not from books.
Your magical power is your life essence.
You have superior vitality. (+4 MHP)


Message History

No target in view!
No target in view!
A goblin is nearby!
You see here a +0 hand axe.
The goblin shouts!
You thump the goblin!
You kill the goblin!
A wight comes into view. It is wielding a +4 mace of freezing.
A wight comes into view. It is wielding a +5 dagger.
A wight comes into view. It is wielding a +0 battleaxe.
You see here a +0 hand axe.
The orc barely misses you.
You closely miss the orc. The orc misses you.
You barely miss the orc. The orc hits you with a +0 falchion.
A giant cockroach comes into view.
You sock the orc!
You kill the orc!
You see here a +0 falchion.
The wight attacks as it pursues you! The wight closely misses you.
There is a stone staircase leading up here.
You see here an adder skeleton.
The wight attacks as it pursues you! The wight hits you with a +0 battleaxe.
The wight attacks as it pursues you! The wight hits you with a +0 battleaxe!
Okay, then.
It was a potion of enlightenment.
You feel more buoyant. The wight hits you with a +0 battleaxe.
* * * LOW HITPOINT WARNING * * *
You hit the wight.
The wight is lightly damaged.
The wight closely misses you.
You closely miss the wight.
The wight is lightly damaged.
The wight closely misses you.
You hit the wight but do no damage.
The wight is lightly damaged.
The wight hits you with a +0 battleaxe!
* * * LOW HITPOINT WARNING * * *
The wight hits you with a +0 battleaxe!
You die...

#o# #.#
#<##..)....####.
#.# #.#
#.####.....#
#.########.####.#
#.....#
#...So........#.##
####.....
###########.#.#..#
.##### #.# ##B# .#
#.# #z# .. #.# #z#
#. #.# #@# .. #.#
#.# #.# #.# #.#
#.# #.# #.# #.#
... #.# #.#
#####.# #.#
#.....#


You could see 2 wights and a giant cockroach.

Vanquished Creatures
  A jelly (D:5)
  3 orc priests (D:4)
  A hound (D:3)
  An iguana (D:5)
  A sleepcap (D:5)
  An orc wizard (D:5)
  2 adders
  An ufetubus (D:3)
  A dart slug (D:3)
  4 orcs
  A ball python (D:4)
  2 bats (D:3)
  An endoplasm (D:3)
  2 giant cockroaches (D:3)
  A goblin (D:4)
  2 hobgoblins
  2 jackals (D:5)
  A rat (D:3)
28 creatures vanquished.

Notes
Turn   | Place    | Note
-------+----------+-------------------------------------------
     0 | D:5      | cforsyth the Djinni Delver began the quest for the Orb.
     0 | D:5      | Reached XP level 1. HP: 20/20 MP: 0/0
    21 | D:5      | Noticed a sleepcap
    42 | D:5      | Killed a sleepcap
    43 | D:5      | Reached skill level 1 in Spellcasting
    43 | D:5      | Reached skill level 1 in Conjurations
    43 | D:5      | Reached skill level 1 in Hexes
    43 | D:5      | Reached skill level 1 in Summonings
    43 | D:5      | Reached skill level 1 in Necromancy
    43 | D:5      | Reached skill level 1 in Translocations
    43 | D:5      | Reached skill level 1 in Transmutations
    43 | D:5      | Reached skill level 1 in Fire Magic
    43 | D:5      | Reached skill level 1 in Ice Magic
    43 | D:5      | Reached skill level 1 in Air Magic
    43 | D:5      | Reached skill level 1 in Earth Magic
    43 | D:5      | Reached skill level 1 in Poison Magic
    43 | D:5      | Reached XP level 2. HP: 22/25 MP: 0/0
    43 | D:5      | Reached XP level 3. HP: 26/30 MP: 0/0
    43 | D:5      | Learned a level 1 spell: Slow
   124 | D:5      | Reached skill level 4 in Fighting
   124 | D:5      | Reached XP level 4. HP: 30/37 MP: 0/0
   204 | D:5      | Reached XP level 5. HP: 29/42 MP: 0/0
   204 | D:5      | Learned a level 2 spell: Static Discharge
   323 | D:4      | Found a sparkling altar of Nemelex Xobeh.
   738 | D:4      | HP: 2/42 [hound (5)]
   935 | D:4      | Reached XP level 6. HP: 49/49 MP: 0/0
   941 | D:4      | Reached skill level 5 in Fighting
   984 | D:4      | Mangled by a wight

Illustrated notes

Levels and vault maps discovered:
D:3:      layout_rooms, chequers_serial_rivers_marsh, kennysheep_cross_room
D:4:      layout_loops_ring, nemelex_xobeh_ov_fountains_minmay, serial_shops,
          shop
D:5:      layout_loops_cross, mainiacjoe_overflow_chevrons,
          kennysheep_generic_room_15

Skill      XL: |  1  2  3  4  5  6 |
---------------+-------------------+-----
Spellcasting   | 1 2 |  2.9
Conjurations   | 1 2 |  2.9
Hexes          | 1 2 |  2.9
Summonings     | 1 2 |  2.9
Necromancy     | 1 2 |  2.9
Translocations | 1 2 |  2.9
Transmutations | 1 2 |  2.9
Fire Magic     | 1 2 |  2.9
Ice Magic      | 1 2 |  2.9
Air Magic      | 1 2 |  2.9
Earth Magic    | 1 2 |  2.9
Poison Magic   | 1 2 |  2.9
Fighting       | 4 5 |  5.2
Long Blades    | |  1.7
Dodging        | |  2.1
Stealth        | |  4.1

Action                     |  1- 3 |  4- 6 || total
---------------------------+-------+-------++-------
  Melee: Dagger            |    13 |       ||    13
         Quarterstaff      |     7 |    70 ||    77
    Use: Potion            |       |     3 ||     3
         Scroll            |       |     1 ||     1
   Stab: Sleeping          |       |     4 ||     4
 Armour: Leather armour    |     7 |    88 ||    95
  Dodge: Dodged            |    10 |    73 ||    83

Table legend: (Time is in decaauts)
 A = Elapsed time spent in this place.
 B = Non-inter-level travel time spent in this place.
 C = Inter-level travel time spent in this place.
 D = Time resting spent in this place.
 E = Time spent auto-exploring this place.
 F = Levels seen in this place.
 G = Mean time per level.
                   A        B        C        D        E       F      G
               +--------+--------+--------+--------+--------+-----+--------+
         Total |    989 |    942 |     47 |    254 |    353 |   3 |  329.7 |
       Dungeon |    989 |    942 |     47 |    254 |    353 |   3 |  329.7 |
               +--------+--------+--------+--------+--------+-----+--------+

Top non-repeatable levels by time:
     D:3: 345 daAuts
     D:4: 325 daAuts
     D:5: 317 daAuts
